 Dungeon Crawl Stone Soup version 0.19.5 (webtiles) character file.

594 JeffiDaFish the Shield-Bearer (level 7, -1/44 HPs)
             Began as a Gargoyle Fighter on Mar 31, 2017.
             Slain by an orc warrior
             ... wielding a +0 scimitar
              (9 damage)
             ... on level 5 of the Dungeon.
             The game lasted 00:08:39 (3525 turns).

JeffiDaFish the Shield-Bearer (Gargoyle Fighter)    Turns: 3525, Time: 00:08:40

Health: -1/44      AC: 11    Str: 20    XL:     7   Next: 39%
Magic:  7/7        EV:  6    Int:  8    God:
Gold:   234        SH: 10    Dex: 11    Spells: 0 memorised, 6 levels left

rFire  . . .     SeeInvis .     d - +2 mace (drain)
rCold  . . .     Gourm    .     q - +0 chain mail
rNeg   + . .     Faith    .     c - +0 shield
rPois  ∞         Spirit   .     (no helmet)
rElec  +         Reflect  .     (no cloak)
rCorr  .         Harm     .     j - +0 pair of gloves
MR     .....                    (no boots)
Stlth  ..........               (no amulet)
                                (no ring)
                                (no ring)

@: no status effects
A: deformed body, negative energy resistance 1, screaming 1, electricity
resistance, slow regeneration 1, unbreathing, petrification resistance, rot
immunity, AC +4
a: no special abilities


You were on level 5 of the Dungeon.
You were not hungry.

You visited 1 branch of the dungeon, and saw 5 of its levels.

You collected 234 gold pieces.

Inventory:

Hand Weapons
 a - a +0 flail
 d - a +2 mace of draining (weapon)
Armour
 c - a +0 shield (worn)
 j - a +0 pair of gloves (worn)
 q - a +0 chain mail (worn)
Wands
 l - a wand of teleportation (4/9)
Scrolls
 e - 4 scrolls of identify
 g - 2 scrolls of remove curse
 k - a scroll of magic mapping
 n - a scroll of fog
 s - 2 scrolls of teleportation
Potions
 b - a potion of might
 o - a potion of heal wounds
 p - 2 potions of agility
 t - a potion of brilliance
 u - a potion of haste {unknown}
Comestibles
 f - 4 bread rations
 h - 2 slices of pizza
 i - a meat ration
 m - a chunk of flesh
 r - a beef jerky


   Skills:
 + Level 4.5 Fighting
 + Level 5.1 Maces & Flails
 + Level 4.3 Armour
 + Level 1.7 Dodging
 + Level 0.2 Stealth
 + Level 5.2 Shields


You had 6 spell levels left.
You didn't know any spells.

Dungeon Overview and Level Annotations

Branches:
Dungeon (5/15)
 Temple: D:4-7

Altars:


Innate Abilities, Weirdness & Mutations

You are resistant to torment.
Your stone body is resilient. (AC +4)
You are immune to poison.
You resist negative energy. (rN+)
You are resistant to electric shocks. (rElec)
You can survive without breathing.
You are immune to petrification.
You are immune to rotting.
Armour fits poorly on your strangely shaped body.
You occasionally shout uncontrollably at your foes.
You regenerate slowly when monsters are visible.


Message History

Beogh smites you!
* * * LOW HITPOINT WARNING * * *
You block the orc warrior's attack. You block the orc's attack.
You hit the orc priest. You drain the orc priest!
You kill the orc priest!
The orc grunts loudly.
The orc warrior barely misses you. You block the orc's attack.
You hit the orc warrior. You drain the orc warrior!
The orc warrior is moderately wounded.
The orc warrior barely misses you. The orc hits you but does no damage.
You see here a pair of gloves.
You closely miss the orc warrior.
The orc warrior is moderately wounded.
The orc hits you but does no damage. You block the orc warrior's attack.
There is a stone staircase leading up here.
You block the orc's attack.
The orc warrior hits you with a scimitar!
You die...

.#.......##
.........
#.....#
##.)$).##
#...))..#
#..).)..#
#...o...#
##.oo..##
##.@.##
#####


You could see an orc warrior and 2 orcs.

Vanquished Creatures
  The ghost of Mixedsea the Chopper, an amateur DrMo (D:3)
  An ogre (D:4)
  A crimson imp (D:3)
  An orc wizard (D:5)
  An orc priest (D:5)
  Natasha (thrice) (D:4)
  A worker ant (D:4)
  3 gnolls (D:3)
  5 adders
  A shadow imp (D:5)
  2 worms
  2 dart slugs (D:1)
  3 leopard geckos
  10 orcs
  6 bats
  3 giant cockroaches
  13 hobgoblins
  2 quokkas (D:3)
  2 ball pythons
  6 frilled lizards
  10 goblins
  6 kobolds
  9 rats
92 creatures vanquished.

Notes
Turn   | Place    | Note
-------+----------+-------------------------------------------
     0 | D:1      | JeffiDaFish the Gargoyle Fighter began the quest for the Orb.
     0 | D:1      | Reached XP level 1. HP: 14/14 MP: 1/1
    75 | D:1      | Reached XP level 2. HP: 19/19 MP: 2/2
   730 | D:1      | Reached XP level 3. HP: 24/24 MP: 3/3
   864 | D:2      | Found a faded altar of an unknown god.
  1405 | D:2      | Reached XP level 4. HP: 29/29 MP: 4/4
  1537 | D:3      | Noticed Mixedsea's ghost (amateur DrMo)
  1562 | D:3      | Killed Mixedsea's ghost
  1562 | D:3      | Reached skill level 1 in Dodging
  1562 | D:3      | Reached XP level 5. HP: 6/33 MP: 5/5
  1584 | D:3      | Reached XP level 6. HP: 5/38 MP: 6/6
  1957 | D:3      | Gained mutation: You occasionally shout uncontrollably at your foes. [potion of mutation]
  1957 | D:3      | Gained mutation: Armour fits poorly on your strangely shaped body. [potion of mutation]
  1957 | D:3      | Gained mutation: You regenerate slowly when monsters are visible. [potion of mutation]
  2749 | D:4      | Noticed Natasha
  2754 | D:4      | Killed Natasha
  2995 | D:4      | Reached skill level 5 in Shields
  2995 | D:4      | Reached XP level 7. HP: 20/44 MP: 7/7
  3193 | D:4      | Noticed Natasha
  3209 | D:4      | Killed Natasha
  3374 | D:4      | Noticed Natasha
  3384 | D:4      | Killed Natasha
  3384 | D:4      | Reached skill level 5 in Maces & Flails
  3482 | D:5      | Entered Level 5 of the Dungeon
  3525 | D:5      | Slain by an orc warrior

Skill      XL: |  1  2  3  4  5  6  7 |
---------------+----------------------+-----
Shields        | 4 5 |  5.2
Maces & Flails | 4 5 |  5.1
Fighting       | 4 |  4.5
Dodging        | 1 |  1.7
Armour         | 4 |  4.3
Stealth        | |  0.2

Action                   |  1- 3 |  4- 6 |  7- 9 || total
-------------------------+-------+-------+-------++-------
Melee: Flail             |   191 |    63 |       ||   254
       Mace              |       |    89 |    60 ||   149
  Use: Scroll            |     6 |     3 |     1 ||    10
       Potion            |     3 |     3 |     1 ||     7
  Eat: Chunk             |     2 |     5 |     2 ||     9
Armor: Scale mail        |   135 |    83 |       ||   218
       Chain mail        |       |     7 |    63 ||    70
Dodge: Dodged            |   103 |    56 |    27 ||   186
Block: Shield            |   141 |    86 |    57 ||   284
